 Dungeon Crawl Stone Soup version 0.23-b1-13-gf37ab262a9 (webtiles) character file.

Game seed: 8732429959030547600

58 Peloso the Shield-Bearer (level 3, 0/33 HPs)
             Began as a Minotaur Fighter on Feb 2, 2019.
             Killed from afar by Sigmund (8 damage)
             ... with a magic dart
             ... on level 2 of the Dungeon.
             The game lasted 00:02:18 (1532 turns).

Peloso the Shield-Bearer (Minotaur Fighter)         Turns: 1532, Time: 00:02:19

Health: 0/33       AC:  8    Str: 20    XL:     3   Next: 76%
Magic:  2/2        EV:  7    Int:  5    God:
Gold:   64         SH:  9    Dex: 10    Spells: 2/2 levels left

rFire    . . .     SeeInvis .   a - +0 long sword
rCold    . . .     Gourm    +   c - +0 shield
rNeg     . . .     Faith    .   b - +0 scale mail
rPois    .         Spirit   .   (helmet restricted)
rElec    .         Reflect  .   k - +0 cloak
rCorr    .         Harm     .   (no gloves)
MR       .....                  (no boots)
Stlth    ..........             m - amulet of the gourmand
HPRegen  0.11/turn              (no ring)
MPRegen  0.08/turn              (no ring)

@: no status effects
A: retaliatory headbutt, horns 2
a: no special abilities


You were on level 2 of the Dungeon.
You were not hungry.

You visited 1 branch of the dungeon, and saw 2 of its levels.

You collected 64 gold pieces.

Inventory:

Hand Weapons
 a - a +0 long sword (weapon)
Armour
 b - a +0 scale mail (worn)
 c - a +0 shield (worn)
 k - a +0 cloak (worn)
Jewellery
 m - an amulet of the gourmand (around neck)
Scrolls
 e - 2 scrolls of noise {unknown}
 g - a scroll of remove curse {unknown}
 h - a scroll of fear {unknown}
 l - a scroll of magic mapping {unknown}
 n - 2 scrolls of identify {unknown}
 o - a scroll of fog {unknown}
Potions
 d - a potion of might
 i - 2 potions of magic {unknown}
 j - a potion of resistance {unknown}
Comestibles
 f - 6 rations


   Skills:
 + Level 4.1 Fighting
 + Level 3.3 Long Blades
 + Level 4.1 Armour
 + Level 0.5 Dodging
 + Level 0.2 Stealth
 + Level 4.2 Shields


You had 2 spell levels left.
You didn't know any spells.
Your spell library was empty.

Dungeon Overview and Level Annotations

Branches:
Dungeon (2/15)

Altars:
Ashenzari
Fedhas
Nemelex Xobeh
Qazlal

Annotations:
D:2 Sigmund


Innate Abilities, Weirdness & Mutations

You reflexively headbutt those who attack you in melee.
You have a pair of horns on your head.


Message History

You hit the adder. Your headbutt misses the adder.
The adder is heavily wounded.
The adder barely misses you. The adder bites you.
You barely miss the adder. Your headbutt misses the adder.
The adder is heavily wounded.
Something hits you. The adder bites you but does no damage.
You slash the adder!
You kill the adder!
Something hits you. Something hits you but does no damage.
Found an iron ring.
You see here an adder corpse.
Something hits you but does no damage.
You see here a +0 dagger of protection.
A magic dart appears from out of thin air!
The magic dart hits you.
* * * LOW HITPOINT WARNING * * *
A magic dart appears from out of thin air!
The magic dart hits you!
You die...

#.# #.#.# #.# #.#
#.#†# #.##### #.#
#.#g# #.....#
#.###########.#{#
#####.#
#.............#.#
#.#
###############.#
#.# #.# #.# #.#
#.#
#@#############.#
#...............#
#################


You could see a hobgoblin.

Vanquished Creatures
  An adder (D:2)
  An ooze (D:2)
  A worm (D:2)
  3 leopard geckos
  A giant cockroach (D:1)
  4 goblins
  5 hobgoblins
  A quokka (D:2)
  6 bats
  A frilled lizard (D:1)
  9 kobolds
  8 rats
41 creatures vanquished.

Notes
Turn   | Place    | Note
-------+----------+-------------------------------------------
     0 | D:1      | Peloso the Minotaur Fighter began the quest for the Orb.
     0 | D:1      | Reached XP level 1. HP: 19/19 MP: 0/0
   140 | D:1      | Reached XP level 2. HP: 25/27 MP: 1/1
   827 | D:2      | Found a stormy altar of Qazlal.
   829 | D:2      | Found a sparkling altar of Nemelex Xobeh.
   830 | D:2      | Found a blossoming altar of Fedhas.
   830 | D:2      | Found a shattered altar of Ashenzari.
   886 | D:2      | Reached XP level 3. HP: 33/33 MP: 2/2
  1516 | D:2      | Noticed Sigmund
  1532 | D:2      | Killed from afar by Sigmund

Skill      XL: |  1  2  3 |
---------------+----------+-----
Shields        | 4 |  4.2
Long Blades    | 3 |  3.3
Fighting       | 4 |  4.1
Armour         | 4 |  4.1
Dodging        | |  0.5
Stealth        | |  0.2

Action                   || total
-------------------------++-------
Melee: Long sword        ||   105
       Headbutt          ||    13
  Eat: Chunk             ||     7
Armor: Scale mail        ||    46
Dodge: Dodged            ||    24
Block: Shield            ||    54
       Rpst.: Long sword ||     6
